 Dungeon Crawl Stone Soup version 0.27.0-1-g7a089689b8 (webtiles) character file.

Game seed: 1542354727992284534

28208 sakkuzi the Severer (level 13, 0/178 HPs)
             Began as a Minotaur Berserker on Aug 12, 2021.
             Was a High Priest of Trog.
             Slain by a yak (4 damage)
             ... on level 3 of the Lair of Beasts.
             The game lasted 00:38:46 (15166 turns).

sakkuzi the Severer (Minotaur Berserker)           Turns: 15166, Time: 00:38:46

Health: 0/178      AC: 17    Str: 24    XL:     13   Next: 8%
Magic:  12/12      EV: 12    Int:  4    God:    Trog [*****.]
Gold:   594        SH: 12    Dex: 16    Spells: 12/12 levels left

rFire    . . .     SeeInvis .   u - +2 hand axe (freeze) {axe}
rCold    . . .     Faith    .   c - +1 buckler {AC+3}
rNeg     . . .     Spirit   .   O - +1 chain mail of a sewer {Dex+3}
rPois    .         Reflect  +   (helmet restricted)
rElec    .         Harm     .   (no cloak)
rCorr    .         Rampage  .   y - +0 pair of gloves
Will     +....                  (no boots)
Stlth    ..........             r - amulet of reflection
HPRegen  0.39/turn              m - ring of willpower
MPRegen  0.13/turn              l - +4 ring of slaying

@: berserking, marked, frozen, very slow
A: horns 2, retaliatory headbutt
a: Renounce Religion, Berserk, Trog's Hand, Brothers in Arms


You were on level 3 of the Lair of Beasts.
You worshipped Trog.
Trog was extremely pleased with you.
You visited 2 branches of the dungeon, and saw 13 of its levels.
You also visited: Sewer.

You collected 792 gold pieces.
You spent 198 gold pieces at shops.


Innate Abilities, Weirdness & Mutations

You have a pair of horns on your head.
You reflexively headbutt those who attack you in melee.


   Skills:
 + Level 12.5 Fighting
 * Level 17.2 Axes
 + Level 11.1 Armour
 - Level 8.5 Dodging
 + Level 6.3 Shields


You had 12 spell levels left.
You didn't know any spells.
Your spell library contained the following spells:

 Spells                   Type           Power      Damage    Failure   Level
 Blink                    Tloc           N/A        N/A       99%         2
 Ensorcelled Hibernation  Hex/Ice        0%         N/A       99%         2
 Dazzling Flash           Conj/Hex       0%         N/A       100%        3
 Spider Form              Tmut/Pois      0%         N/A       100%        3
 Fulminant Prism          Conj/Hex       0%         3d6       100%        4
 Iskenderun's Mystic Bla  Conj/Tloc      0%         2d3       100%        4
 Passage of Golubria      Tloc           N/A        N/A       100%        4
 Agony                    Necr           0%         N/A       100%        5
 Iskenderun's Battlesphe  Conj           0%         2d6       100%        5
 Lee's Rapid Deconstruct  Erth           0%         3d5*      100%        5
 Silence                  Hex/Air        0%         N/A       100%        5
 Dispersal                Tloc           0%         N/A       100%        6
 Iron Shot                Conj/Erth      0%         9d1       100%        6
 Shadow Creatures         Summ           N/A        N/A       100%        6
 Malign Gateway           Summ/Tloc      0%         N/A       100%        7
 Spellforged Servitor     Conj/Summ      0%         N/A       100%        7
 Summon Horrible Things   Summ           0%         N/A       100%        8

Inventory:

Hand Weapons
 a - a +0 hand axe {axe}
 h - a +1 antimagic battleaxe {axe}
   (You acquired it on level 3 of the Dungeon)
 u - a +2 hand axe of freezing (weapon) {axe}
   (You took it off an orc on level 4 of the Dungeon)
 C - a +2 antimagic broad axe {axe}
   (Trog gifted it to you on level 1 of the Lair of Beasts)
 V - a +6 vorpal quarterstaff {staff}
   (Trog gifted it to you on level 9 of the Dungeon)
Missiles
 b - 57 sling bullets
 d - 23 stones {throwing}
 j - 5 silver javelins {throwing}
 n - 44 poisoned darts {throwing}
 v - 195 arrows
 x - 103 bolts
 F - 5 javelins {throwing}
 S - 3 throwing nets {=f!fthrowing}
 U - 3 boomerangs {throwing}
Armour
 c - a +1 buckler of protection (worn)
   (You bought it in a shop on level 10 of the Dungeon)
 e - the +1 helmet "Hirim" {rPois SInv Stlth+}
   (You found it on level 1 of the Lair of Beasts)

   rPois:     It protects you from poison.
   SInv:      It lets you see invisible.
   Stlth:     It makes you more stealthy.
 p - the +3 robe of the First Snow {+Inv rPois Str-2 SInv}
   (You found it on level 10 of the Dungeon)

   Str:       It affects your strength (-2).
   rPois:     It protects you from poison.
   SInv:      It lets you see invisible.
   +Inv:      It lets you turn invisible.
 y - a +0 pair of gloves (worn)
   (You found it on level 4 of the Dungeon)
 O - the +1 chain mail of a sewer (worn) {Dex+3}
   (You found it on level 7 of the Dungeon)

   Dex:       It affects your dexterity (+3).
Jewellery
 l - a +4 ring of slaying (right hand)
   (You found it on level 3 of the Dungeon)
 m - a ring of willpower (left hand)
   (You found it on level 4 of the Dungeon)
 q - a ring of wizardry
   (You found it on level 3 of the Dungeon)
 r - an amulet of reflection (around neck)
   (You found it on level 3 of the Dungeon)
 E - a ring of fire
   (You found it on level 3 of the Lair of Beasts)
Wands
 A - a wand of flame (86)
   (You took it off Grinder on level 5 of the Dungeon)
 B - a wand of charming (8)
   (You found it on level 5 of the Dungeon)
 D - a wand of paralysis (9)
   (You found it on level 3 of the Lair of Beasts)
 H - a wand of iceblast (17)
   (You found it on level 6 of the Dungeon)
 Z - a wand of polymorph (12)
   (You found it on level 9 of the Dungeon)
Scrolls
 k - a scroll of immolation {!r!r}
 t - 3 scrolls of teleportation {@r4}
 w - a scroll of holy word
 z - a scroll of summoning {unknown}
 K - 3 scrolls of fog
 N - a scroll of noise {unknown}
 P - 3 scrolls of torment {unknown}
 Q - a scroll of magic mapping {unknown}
 T - 5 scrolls of identify {@r1}
Potions
 f - a potion of resistance {unknown}
 g - 5 potions of flight
 i - 4 potions of attraction {unknown}
 o - 2 potions of curing {@q1}
 s - 2 potions of lignification {unknown}
 G - a potion of cancellation {unknown}
 I - 3 potions of magic {unknown}
 J - 4 potions of might
 L - 3 potions of haste {unknown}
 W - 2 potions of mutation {unknown}
 X - a potion of brilliance {unknown}
Miscellaneous
 Y - a tin of tremorstones (2/2) {throwing}
   (You found it on level 9 of the Dungeon)

Dungeon Overview and Level Annotations

Branches:
Dungeon (10/15)            Temple (0/1) D:6            Lair (3/6) D:10
  Swamp (0/4) Lair:3          Orc (0/2) D:10          Sewer (visited)
  Snake: Lair:2-4    Spider: Lair:2-4

Altars:
Ashenzari
Cheibriados
Fedhas
Kikubaaqudgha
Makhleb
Nemelex Xobeh
Ru
Sif Muna
Uskayaw
Wu Jian
Xom
Yredelemnul
The Shining One
Jiyva
Lugonu

Shops:
D:10 [

Annotations:
Lair:1 exclusion: oklob plant
Lair:3 exclusion: oklob plant

.........♣♣≈≈≈≈≈≈≈♣
........♣♣..÷≈≈≈≈♣♣
.........♣♣..§♣♣♣♣
#..##..♣♣♣♣♣§.F§§♣
#####..♣>≈≈♣♣♣♣S.♣
###.#P.♣♣≈≈≈♣ ♣†F♣♣
#......♣♣♣§F.♣♣♣l.♣
........♣§§§≈≈†lkY♣
......#♣♣§§§§≈†§@≈♣
#......#♣♣§§≈§§FF♣♣
........♣.§§♣♣.§§♣
.......♣♣...§§§§♣♣
#......♣♣♣♣§.§♣♣♣
#.........♣♣♣♣
##...##.... #P.###
#.. #..P####...


You could see a komodo dragon, a yak, 5 blink frogs, a rime drake (catching
breath), a water moccasin and a wyvern.


Message History

You feel sick.
The bullfrog releases a deep croak.
The blink frog blinks!
You block the water moccasin's attack.
A rime drake comes into view. 😮 HP[-1]
You take 1 damage, and now have 60/119 hp.
Your unstable footing causes you to fumble your attack.
You feel sick. You block the blink frog's attack.
The blink frog blinks!
The blink frog barely misses you.
You block the water moccasin's attack. 😨 HP[-1]
You take 1 damage, and now have 59/119 hp.
Your unstable footing causes you to fumble your attack.
You feel sick.
The blink frog hits you but does no damage. x2
Your unstable footing causes you to fumble your attack.
A komodo dragon comes into view.
You block the blink frog's attack. The blink frog closely misses you.
The water moccasin bites you but does no damage.
The blink frog hits you!
* * * LOW HITPOINT WARNING * * *
😨 HP[-8]
You take 8 damage, and now have 51/119 hp.
You hit the water moccasin. You freeze the water moccasin.
Your headbutt misses the water moccasin.
You closely miss the blink frog. You slash the blink frog!
You freeze the blink frog. You slash the blink frog!
The blink frog seems to slow down.
You freeze the blink frog.
You feel sick.
You block the blink frog's attack. 😨 HP[-1]
You take 1 damage, and now have 50/119 hp.
A red film seems to cover your vision as you go berserk!
You feel yourself moving faster!
You feel mighty!
You feel sick.
The blink frog blinks!
A wyvern comes into view.
The blink frog hits you!
* * * LOW HITPOINT WARNING * * *
You block the blink frog's attack. The blink frog hits you!
* * * LOW HITPOINT WARNING * * *
The water moccasin bites you.
* * * LOW HITPOINT WARNING * * *
The yak misses you. You furiously retaliate!
You headbutt the yak!
The komodo dragon hisses menacingly. 😨 HP[-3]
You now have 178 max hp (+59).
Your unstable footing causes you to fumble your attack.
The water moccasin is no longer moving slowly.
The bullfrog misses you. You furiously retaliate!
You headbutt the bullfrog! You block the blink frog's attack.
The blink frog hits you!
* * * LOW HITPOINT WARNING * * *
The blink frog blinks! 😱 HP[-8]
You take 8 damage, and now have 39/178 hp.
You slice the water moccasin!! You freeze the water moccasin.
You kill the water moccasin!
Trog accepts your kill.
You hit the bullfrog.
The bullfrog seems to slow down.
You freeze the bullfrog. You slash the blink frog!
The blink frog seems to slow down.
You freeze the blink frog. You miss the blink frog. You slash the yak!
You freeze the yak.
You feel sick. The blink frog hits you.
* * * LOW HITPOINT WARNING * * *
You block the yak's attack.
A blink frog comes into view. 😱 HP[-3]
You take 3 damage, and now have 36/178 hp.
Your unstable footing causes you to fumble your attack.
The blink frog blinks!
You block the blink frog's attack. The bullfrog closely misses you.
You slice the blink frog!!
The blink frog seems to slow down.
You freeze the blink frog!
You feel the power of Trog in you as your rage grows.
You kill the blink frog!
Trog accepts your kill.
You miss the blink frog. You slash the bullfrog! You freeze the bullfrog.
You kill the bullfrog!
Trog accepts your kill.
You slash the rime drake! You freeze the rime drake. You slash the yak!
You freeze the yak.
You feel sick. The rime drake breathes ice at you. The flash freeze hits you!!
* * * LOW HITPOINT WARNING * * *
You are encased in ice.
The blink frog hits you.
* * * LOW HITPOINT WARNING * * *
😱 HP[-30]
You take 30 damage, and now have 6/178 hp.
Your unstable footing causes you to fumble your attack.
A water moccasin comes into view.
The yak gores you.
* * * LOW HITPOINT WARNING * * *
😱 HP[-1]
You take 1 damage, and now have 5/178 hp.
Your unstable footing causes you to fumble your attack.
You block the rime drake's attack.
The blink frog hits you but does no damage.
Your unstable footing causes you to fumble your attack.
You feel sick.
You are no longer poisoned.
A blink frog comes into view.
The blink frog blinks!
The yak gores you.
You die...

Skill      XL: |  1  2  3  4  5  6  7  8  9 10 11 12 |
---------------+-------------------------------------+-----
Axes           | 4 5 6 7 8 10 11 12 14 15 17 | 17.2
Fighting       | 4 5 6 7 9 10 11 12 | 12.5
Armour         | 4 6 8 9 11 | 11.1
Dodging        | 4 5 7 8 |  8.5
Shields        | 2 6 |  6.3

Action                   |  1- 3 |  4- 6 |  7- 9 | 10-12 | 13-15 || total
-------------------------+-------+-------+-------+-------+-------++-------
Melee: Hand axe          |    59 |    48 |       |   251 |    31 ||   389
       Headbutt          |    13 |    17 |    45 |   106 |     6 ||   187
       Battleaxe         |       |    46 |   208 |   158 |       ||   412
Invok: Berserk           |     1 |     1 |     3 |     9 |     1 ||    15
  Use: Scroll            |     2 |     5 |     5 |     1 |       ||    13
       Potion            |       |       |       |     1 |       ||     1
Armor: Animal skin       |     1 |       |       |       |       ||     1
       Plate armour      |    29 |    49 |    97 |       |       ||   175
       Chain mail        |       |       |     8 |   151 |    14 ||   173
Dodge: Dodged            |    16 |    17 |    59 |   145 |    23 ||   260
Block: Other             |       |     6 |    52 |    24 |       ||    82
       Reflection        |       |     1 |     2 |     1 |       ||     4
       Buckler           |       |       |       |    90 |    24 ||   114

Levels and vault maps discovered:
D:1:      lightli_molten_gateway, layout_rooms, basic_ecumenical_altar,
          hangedman_glass_teeth
D:2:      layout_rooms, uniq_robin
D:3:      minmay_bubble_buster, layout_loops_corners,
          mainiacjoe_overflow_tiny_flanked, mainiacjoe_overflow_alcove_1,
          tgw_sif, mainiacjoe_overflow_surrounded_room, chequers_big_river,
          uniq_jessica
D:4:      minmay_clustersquares, layout_cave_pods,
          nicolae_overflow_hidden_temple, minmay_gold_behind_fungi,
          minmay_crystal_water, uniq_natasha, uniq_menkaure
D:5:      layout_rooms, nicolae_overflow_quartered_altars, uniq_grinder
D:6:      layout_loops_ring, mainiacjoe_overflow_paths,
          minmay_temple_entry_stoned_glass, cheibrodos_sewer_entry_drain,
          amcnicky_mini_corridor_feature, uniq_blork_the_orc
D:7:      layout_loops_ring, cheibriados_altar_1, mainiacjoe_overflow_boulevard,
          minmay_misc_feat_chi
D:8:      cheibrodos_iron_armory, layout_layer_cave, uniq_pikel, uniq_harold
D:9:      gammafunk_jiyva_shrine, layout_basic, lemuel_round_altar, uniq_joseph
D:10:     kennysheep_kobold_lugonu_temple, layout_loops_ring,
          david_lair_shrubbed, zombieorc2_lemuel, serial_shops, shop
Lair:1:   layout_chaotic_city, tgw_fedhas
Lair:2:   statuecave_lemuel, layout_hall_layers, uniq_urug
Lair:3:   layout_gridlike, palyth_hydra_swamp_entry, minivault_27,
          minmay_lair_oklob_chamber, grunt_megastairs_3

Notes
Turn   | Place    | Note
-------+----------+-------------------------------------------
     0 | D:1      | sakkuzi the Minotaur Berserker began the quest for the Orb.
     0 | D:1      | Reached XP level 1. HP: 19/19 MP: 0/0
     0 | D:1      | magus.rc [v1.9.6]
    38 | D:1      | Reached skill level 4 in Axes
   231 | D:1      | Found a faded altar of an unknown god.
   275 | D:1      | Reached XP level 2. HP: 26/26 MP: 1/1
   490 | D:1      | Reached skill level 5 in Axes
   490 | D:1      | Reached XP level 3. HP: 31/31 MP: 2/2
   821 | D:2      | Noticed Robin
   834 | D:2      | Reached ** piety under Trog
   868 | D:2      | HP: 7/31 [Robin (4)]
   869 | D:2      | HP: 3/31 [Robin (4)]
   977 | D:2      | Killed Robin
   978 | D:2      | Reached skill level 6 in Axes
   978 | D:2      | Reached XP level 4. HP: 26/39 MP: 3/3
  2389 | D:3      | Found a sacrificial altar of Ru.
  2462 | D:3      | Reached XP level 5. HP: 46/46 MP: 4/4
  2481 | D:3      | Found a hide-covered altar of Uskayaw.
  2576 | D:3      | Found an ancient bone altar of Kikubaaqudgha.
  2588 | D:3      | Identified a scroll of acquirement
  2588 | D:3      | Acquired a +1 antimagic battleaxe
  2849 | D:3      | Noticed Jessica
  2854 | D:3      | Killed Jessica
  2855 | D:3      | Reached skill level 4 in Fighting
  2855 | D:3      | Reached skill level 7 in Axes
  2860 | D:3      | Found a shimmering blue altar of Sif Muna.
  3003 | D:3      | Noticed an ogre
  3007 | D:3      | Killed an ogre
  3008 | D:3      | Reached XP level 6. HP: 47/53 MP: 1/5
  3370 | D:4      | Reached *** piety under Trog
  3376 | D:4      | Reached skill level 8 in Axes
  3378 | D:4      | Reached skill level 5 in Fighting
  3608 | D:4      | Noticed Natasha
  3620 | D:4      | Killed Natasha
  3624 | D:4      | Reached XP level 7. HP: 61/61 MP: 2/6
  3698 | D:4      | Noticed a steam dragon
  3714 | D:4      | Reached skill level 9 in Axes
  3736 | D:4      | Reached skill level 6 in Fighting
  3751 | D:4      | HP: 15/63 [steam dragon] (23)]
  3751 | D:4      | HP: 6/63 [steam dragon (5)]
  3756 | D:4      | HP: 1/63 [steam dragon (4)]
  3757 | D:4      | Killed a steam dragon
  4072 | D:4      | You add the spells Blink, Passage of Golubria, Dispersal
                  | and Malign Gateway to your library.
  4072 | D:4      | Got the Volume of the Traveller {forbidden}
  4151 | D:4      | Noticed Menkaure
  4160 | D:4      | Killed Menkaure
  4161 | D:4      | Reached skill level 10 in Axes
  4161 | D:4      | Reached XP level 8. HP: 62/71 MP: 2/7
  4367 | D:4      | Reached **** piety under Trog
  4587 | D:4      | Reached skill level 7 in Fighting
  4587 | D:4      | Reached skill level 3 in Armour
  4633 | D:4      | Found an ornate altar of the Wu Jian Council.
  4670 | D:4      | You pick up a book of the Senses {forbidden} and begin
                  | reading...
  4670 | D:4      | You add the spells Dazzling Flash, Agony and Silence to
                  | your library.
  4772 | D:4      | Noticed Natasha
  4779 | D:4      | Killed Natasha
  4920 | D:5      | Entered Level 5 of the Dungeon
  4927 | D:5      | Reached skill level 3 in Dodging
  4958 | D:5      | Reached skill level 11 in Axes
  4989 | D:5      | Reached skill level 4 in Armour
  5129 | D:5      | Noticed Grinder
  5130 | D:5      | Paralysed by Grinder for 4 turns
  5141 | D:5      | Found a sparkling altar of Nemelex Xobeh.
  5141 | D:5      | Found a glowing golden altar of the Shining One.
  5142 | D:5      | Found a basalt altar of Yredelemnul.
  5144 | D:5      | Killed Grinder
  5168 | D:5      | Reached skill level 4 in Dodging
  5168 | D:5      | Reached XP level 9. HP: 74/80 MP: 2/8
  5351 | D:5      | Found a burning altar of Makhleb.
  5581 | D:6      | Noticed Blork the orc
  5593 | D:6      | Killed Blork the orc
  5690 | D:6      | Found a glowing drain.
  5709 | D:6      | Reached skill level 8 in Fighting
  5721 | Sewer    | Entered a sewer
  6074 | D:6      | Found a broken altar of Ashenzari.
  6077 | D:6      | Found a staircase to the Ecumenical Temple.
  6082 | D:6      | Reached skill level 5 in Armour
  6632 | D:7      | Reached skill level 12 in Axes
  6638 | D:7      | Reached ***** piety under Trog
  6755 | D:7      | Reached skill level 5 in Dodging
  6786 | D:7      | Reached skill level 6 in Armour
  7082 | D:7      | Found a snail-covered altar of Cheibriados.
  7295 | D:7      | Found a shimmering altar of Xom.
  7360 | D:7      | Identified the +1 chain mail of a sewer {Dex+3}
  7605 | D:8      | Reached skill level 9 in Fighting
  7605 | D:8      | Reached XP level 10. HP: 91/91 MP: 3/9
  7725 | D:8      | Reached skill level 13 in Axes
  7725 | D:8      | Reached skill level 6 in Dodging
  7735 | D:8      | Reached skill level 7 in Armour
  8679 | D:8      | Noticed Harold
  8685 | D:8      | Killed Harold
  8942 | D:9      | Reached skill level 7 in Dodging
  8948 | D:9      | Reached skill level 10 in Fighting
  9131 | D:9      | Found a transporter.
  9137 | D:9      | Reached skill level 14 in Axes
  9137 | D:9      | Received a gift from Trog
  9141 | D:9      | Noticed a two-headed ogre
  9151 | D:9      | Killed a two-headed ogre
  9152 | D:9      | Reached skill level 8 in Armour
  9152 | D:9      | Reached XP level 11. HP: 99/99 MP: 3/10
  9232 | D:9      | Found a transporter.
  9234 | D:9      | Found a viscous altar of Jiyva.
  9239 | D:9      | Noticed a glowing orange brain
  9244 | D:9      | Killed a glowing orange brain
  9353 | D:9      | Noticed Joseph
  9375 | D:9      | Killed Joseph
  9648 | D:9      | Noticed a two-headed ogre
  9654 | D:9      | Killed a two-headed ogre
  9655 | D:9      | Reached skill level 8 in Dodging
 10050 | D:9      | Found a blossoming altar of Fedhas.
 10110 | D:10     | Entered Level 10 of the Dungeon
 10154 | D:10     | HP: 24/101 [something (4)]
 10160 | D:10     | HP: 15/101 [something (8)]
 10498 | D:10     | Noticed a two-headed ogre
 10502 | D:10     | Killed a two-headed ogre
 10503 | D:10     | Reached skill level 15 in Axes
 10503 | D:10     | Reached skill level 9 in Armour
 10592 | D:10     | Noticed a two-headed ogre
 10600 | D:10     | HP: 28/151 [two-headed ogre (22)]
 10601 | D:10     | Killed a two-headed ogre
 10915 | D:10     | You pick up a book of Blasting {forbidden} and begin
                  | reading...
 10915 | D:10     | You add the spells Fulminant Prism, Iskenderun's Mystic
                  | Blast and Lee's Rapid Deconstruction to your library.
 11006 | D:10     | Found a corrupted altar of Lugonu.
 11048 | D:10     | Found a staircase to the Orcish Mines.
 11060 | D:10     | Reached skill level 11 in Fighting
 11271 | D:10     | Found Gerchuc's Armour Shoppe.
 11285 | D:10     | Bought a +1 buckler of protection for 198 gold pieces
 11373 | D:10     | You pick up a book of Dreams {forbidden} and begin
                  | reading...
 11373 | D:10     | You add the spells Ensorcelled Hibernation, Spider Form and
                  | Shadow Creatures to your library.
 11416 | D:10     | Found a staircase to the Lair.
 11487 | D:10     | Reached skill level 1 in Shields
 11612 | D:10     | Noticed a two-headed ogre
 11619 | D:10     | Killed a two-headed ogre
 11808 | D:10     | Identified the +3 robe of the First Snow {+Inv rPois Str-2
                  | SInv}
 11822 | D:10     | Reached skill level 2 in Shields
 11963 | Lair:1   | Entered Level 1 of the Lair of Beasts
 11989 | Lair:1   | Reached XP level 12. HP: 102/110 MP: 11/11
 12068 | Lair:1   | Reached skill level 3 in Shields
 12072 | Lair:1   | Received a gift from Trog
 12092 | Lair:1   | Reached skill level 10 in Armour
 12093 | Lair:1   | Reached skill level 16 in Axes
 12284 | Lair:1   | Noticed an eight-headed hydra
 12291 | Lair:1   | Killed a 12-headed hydra
 12610 | Lair:1   | Reached skill level 4 in Shields
 12613 | Lair:1   | Identified the +1 helmet "Hirim" {rPois SInv Stlth+}
 12981 | Lair:1   | You pick up a book of Power {forbidden} and begin
                  | reading...
 12981 | Lair:1   | You add the spells Iskenderun's Battlesphere, Iron Shot and
                  | Spellforged Servitor to your library.
 13065 | Lair:1   | Found a blossoming altar of Fedhas.
 13473 | Lair:2   | Reached skill level 12 in Fighting
 13551 | Lair:2   | Noticed Urug
 13565 | Lair:2   | Killed Urug
 13566 | Lair:2   | Reached skill level 5 in Shields
 14729 | Lair:3   | Reached skill level 17 in Axes
 14890 | Lair:3   | Reached skill level 11 in Armour
 14912 | Lair:3   | Reached skill level 6 in Shields
 15033 | Lair:3   | Noticed a seven-headed hydra
 15034 | Lair:3   | Noticed an eight-headed hydra
 15044 | Lair:3   | Killed a 14-headed hydra
 15045 | Lair:3   | Reached XP level 13. HP: 112/119 MP: 12/12
 15135 | Lair:3   | Found a staircase to the Swamp.
 15160 | Lair:3   | HP: 39/178 [blink frog (8)]
 15163 | Lair:3   | HP: 12/178 [rime drake/flash freeze (23)]
 15164 | Lair:3   | HP: 5/178 [yak (1)]
 15166 | Lair:3   | Slain by a yak

Vanquished Creatures
  Harold (D:8)
  3 hydras
  5 two-headed ogres
  Urug (Lair:2)
  A glowing orange brain (D:9)
  2 black mambas
  Joseph (D:9)
  7 cane toads
  An unseen horror (D:10)
  A rime drake (Lair:1)
  2 kobold demonologists (D:10)
  6 komodo dragons
  A troll (D:9)
  2 polar bears (Lair:2)
  14 slime creatures
  Grinder (D:5)
  7 blink frogs
  2 shadows
  18 yaks
  A wyvern (D:9)
  2 basilisks (Lair:2)
  A steam dragon (D:4)
  Menkaure (D:4)
  3 swamp worms (Lair:3)
  An acid dragon (D:8)
  7 water moccasins
  3 ice beasts
  2 black bears
  An orc warrior (D:8)
  A necrophage (D:8)
  2 sky beasts
  5 ogres
  A phantom (D:10)
  15 wolves
  A centaur (D:9)
  Blork the orc (D:6)
  A kobold brigand (D:10)
  6 bullfrogs
  3 scorpions
  A wyvern skeleton (D:4)
  A troll zombie (D:10)
  10 killer bees
  21 wights
  A howler monkey (D:7)
  An electric eel (Lair:2)
  3 jellies
  6 centaur zombies
  7 hounds
  5 orc priests
  A bullfrog skeleton (D:6)
  Jessica (D:3)
  5 iguanas
  6 orc wizards
  Natasha (twice) (D:4)
  7 ogre zombies (D:10)
  3 hound skeletons
  A howler monkey zombie (D:8)
  Robin (D:2)
  12 adders
  A gnoll (D:1)
  A howler monkey skeleton (D:7)
  An ufetubus (D:5)
  2 adder skeletons (D:4)
  2 worms (D:2)
  6 dart slugs
  18 orcs
  6 bats
  5 endoplasms
  7 giant cockroaches
  14 goblins
  9 hobgoblins
  5 jackals
  9 kobolds
  A quokka (D:4)
  11 ball pythons
  7 frilled lizards
  6 goblin zombies (D:10)
  2 hobgoblin skeletons (D:10)
  3 hobgoblin zombies (D:10)
  4 orc skeletons (D:10)
  10 orc zombies (D:10)
  5 rats
364 creatures vanquished.

Vanquished Creatures (others)
  5 demonic plants (D:10)
  13 fungi
  38 plants
  21 toadstools
77 creatures vanquished.

Grand Total: 441 creatures vanquished

Table legend:
 A = Non-vault XP
 B = Vault XP
 C = Vault XP percentage of total XP
 D = Non-vault monster count
 E = Vault monster count
 F = Vault count percentage of total count
                 A         B        C        D         E       F
            +---------+---------+-------+---------+---------+-------
      Total |   30433 |    9865 |  24.5 |     255 |     109 |  29.9
            +---------+---------+-------+---------+---------+-------
        D:1 |      45 |       0 |   0.0 |      19 |       0 |   0.0
        D:2 |      58 |      31 |  34.8 |      15 |      10 |  40.0
        D:3 |      66 |     200 |  75.2 |       7 |      14 |  66.7
        D:4 |     793 |     698 |  46.8 |      25 |      16 |  39.0
        D:5 |     954 |     277 |  22.5 |      24 |       1 |   4.0
        D:6 |     445 |     103 |  18.8 |      10 |       3 |  23.1
        D:7 |    1713 |       0 |   0.0 |      27 |       0 |   0.0
        D:8 |    2479 |    1013 |  29.0 |      18 |       1 |   5.3
        D:9 |    4462 |    2469 |  35.6 |      23 |       7 |  23.3
       D:10 |    3572 |    1688 |  32.1 |      20 |      39 |  66.1
     Lair:1 |    9175 |       0 |   0.0 |      34 |       0 |   0.0
     Lair:2 |    5054 |     831 |  14.1 |      24 |       1 |   4.0
     Lair:3 |    1617 |    2507 |  60.8 |       9 |       7 |  43.8
      Sewer |       0 |      48 | 100.0 |       0 |      10 | 100.0
            +---------+---------+-------+---------+---------+-------

Illustrated notes

Table legend:
 A = Kills in this place as a percentage of kills in entire the game.
 B = Kills by you in this place as a percentage of kills by you in the entire game.
 C = Kills by friends in this place as a percentage of kills by friends in the entire game.
 D = Other kills in this place as a percentage of other kills in the entire game.
 E = Experience gained in this place as a percentage of experience gained in the entire game.
 F = Experience gained in this place divided by the number of levels of this place that you have seen.
                   A       B       C       D       E      F
               +-------+-------+-------+-------+-------+----------------------
         Total | 100.0 | 100.0 |   N/A |   N/A | 100.0 | 2878.4
       Dungeon |  76.6 |  76.6 |   N/A |   N/A |  52.3 | 2106.6
          Lair |  20.6 |  20.6 |   N/A |   N/A |  47.6 | 6394.7
         Sewer |   2.7 |   2.7 |   N/A |   N/A |   0.1 |  48.0
               +-------+-------+-------+-------+-------+----------------------

Table legend: (Time is in decaauts)
 A = Elapsed time spent in this place.
 B = Non-inter-level travel time spent in this place.
 C = Inter-level travel time spent in this place.
 D = Time resting spent in this place.
 E = Time spent auto-exploring this place.
 F = Levels seen in this place.
 G = Mean time per level.
                   A        B        C        D        E       F      G
               +--------+--------+--------+--------+--------+-----+--------+
         Total |  15350 |  15091 |    259 |   3690 |   7441 |  14 | 1096.4 |
       Dungeon |  11805 |  11575 |    230 |   2949 |   5453 |  10 | 1180.5 |
          Lair |   3157 |   3128 |     29 |    741 |   1822 |   3 | 1052.3 |
         Sewer |    387 |    387 |      0 |      0 |    165 |   1 |  387.0 |
               +--------+--------+--------+--------+--------+-----+--------+

Top non-repeatable levels by time:
    D:10: 1870 daAuts
     D:4: 1648 daAuts
  Lair:1: 1481 daAuts
     D:3: 1400 daAuts
     D:9: 1327 daAuts
     D:8: 1218 daAuts
     D:2: 1201 daAuts
  Lair:2: 1178 daAuts
     D:7: 1002 daAuts
     D:6: 747 daAuts
     D:1: 729 daAuts
     D:5: 658 daAuts
  Lair:3: 497 daAuts
   Sewer: 387 daAuts
